 Dungeon Crawl Stone Soup version 0.21.1-1-g345015f (webtiles) character file.

7217 wotfoxis the Thaumaturge (level 10, 0/78 HPs)
             Began as a Purple Draconian Transmuter on Feb 19, 2018.
             Was a Follower of Qazlal.
             Slain by a death yak (7 damage)
             ... on level 2 of the Lair of Beasts.
             The game lasted 01:00:34 (8856 turns).

wotfoxis the Thaumaturge (DrTm)                     Turns: 8856, Time: 01:00:35

Health: 0/78       AC: 18    Str: 13    XL:     10   Next: 87%
Magic:  9/23       EV: 15    Int: 20    God:    Qazlal [*.....]
Gold:   683        SH:  2    Dex: 15    Spells: 17/28 levels left

rFire    . . .     SeeInvis .   D - +5 rapier of Micsyoki {speed, rC+ MR+ Dex+4 Stlth+}
rCold    + . .     Gourm    .   (no shield)
rNeg     . . .     Faith    .   (armour unavailable)
rPois    .         Spirit   .   (helmet restricted)
rElec    .         Reflect  .   (no cloak)
rCorr    .         Harm     .   k - +1 pair of gloves
MR       ++...                  C - +0 pair of boots
Stlth    +++.......             (no amulet)
HPRegen  0.23/turn              s - +3 ring of intelligence
MPRegen  0.18/turn              w - ring of Robustness {AC+8}

@: very slightly contaminated
A: breathe power, unfitting armour, cold-blooded, AC +7
a: Breathe Dispelling Energy, Renounce Religion


You were on level 2 of the Lair of Beasts.
You worshipped Qazlal.
Qazlal was aware of your devotion.
You were not hungry.

You visited 2 branches of the dungeon, and saw 11 of its levels.

You collected 683 gold pieces.

Inventory:

Hand Weapons
 D - the +5 rapier of Micsyoki (weapon) {speed, rC+ MR+ Dex+4 Stlth+}
   (You found it on level 1 of the Lair of Beasts)

   Attacks with this weapon are significantly faster.
   It affects your dexterity (+4).
   It protects you from cold.
   It affects your resistance to hostile enchantments.
   It makes you more stealthy.
Missiles
 a - 51 arrows (quivered)
Armour
 k - a +1 pair of gloves (worn)
 C - a +0 pair of boots (worn)
Jewellery
 r - an uncursed ring of wizardry
 s - a +3 ring of intelligence (left hand)
 w - the ring of Robustness (right hand) {AC+8}
   (You found it on level 5 of the Dungeon)

   [ring of protection]

   It affects your AC (+8).
 B - an uncursed ring of ice
Wands
 d - a wand of iceblast (15)
 v - a wand of paralysis (4)
 F - a wand of enslavement (11)
Scrolls
 f - 5 scrolls of remove curse
 g - a scroll of fear {unknown}
 h - a scroll of enchant armour
 i - a scroll of magic mapping
 j - 6 scrolls of teleportation
 m - 2 scrolls of blinking
 q - 2 scrolls of fog
 y - 2 scrolls of holy word
 G - a scroll of identify
Potions
 e - a potion of invisibility {unknown}
 n - 4 potions of cancellation
 o - 3 potions of flight
 p - 3 potions of curing
 t - a potion of brilliance
 u - a potion of mutation
 x - a potion of agility {unknown}
 z - a potion of lignification {unknown}
 E - 3 potions of magic {unknown}
Books
 b - a book of Changes

   Spells                             Type                      Level
   a - Beastly Appendage              Transmutation                1
   b - Sticks to Snakes               Transmutation                2
   c - Spider Form                    Transmutation/Poison         3
   d - Ice Form                       Ice/Transmutation            4
   e - Blade Hands                    Transmutation                5
Comestibles
 c - 19 rations


   Skills:
 + Level 3.9 Fighting
 + Level 2.9(4.2) Short Blades
   Level 4.7(5.1) Long Blades
 + Level 5.7 Dodging
 + Level 2.7 Stealth
 + Level 7.4 Unarmed Combat
 + Level 9.7 Spellcasting
 + Level 8.2 Transmutations
 + Level 2.5 Poison Magic
 + Level 0.1 Invocations


You had 17 spell levels left.
You knew the following spells:

 Your Spells              Type           Power        Failure   Level  Hunger
a - Beastly Appendage     Tmut           #####.       1%          1    None
b - Sticks to Snakes      Tmut           #####...     1%          2    None
c - Spider Form           Tmut/Pois      ####......   2%          3    None
d - Blade Hands           Tmut           #####.....   7%          5    #####..


Dungeon Overview and Level Annotations

Branches:
Dungeon (9/15)             Temple (0/1) D:7            Lair (2/6) D:9
  Swamp: Lair:2-4    Shoals: Lair:2-4     Snake: Lair:2-4    Spider: Lair:2-4
    Orc: D:9-12

Altars:
Elyvilon
Okawaru
Qazlal
Trog
Wu Jian
Zin
The Shining One

Shops:
D:2 *   D:6 %


Innate Abilities, Weirdness & Mutations

You can breathe bolts of dispelling energy.
Your rich purple scales are hard. (AC +7)
You cannot fit into any form of body armour.
You are cold-blooded and may be slowed by cold attacks.


Message History

The death yak is engulfed in blazing flames.
The death yak gores you! The death yak gores you!!
* * * LOW HITPOINT WARNING * * *
Your adder closely misses the bullfrog.
Your adder barely misses the bullfrog.
The bullfrog misses you.
Your hands revert to their normal proportions.
The +5 rapier of Micsyoki {speed, rC+ MR+ Dex+4 Stlth+} unmelds from your body.
Your +1 pair of gloves unmelds from your body.
Your hands tingle!
Your adder bites the bullfrog.
The bullfrog looks as sick as possible!
Your adder poisons the bullfrog!
The bullfrog hits your ball python!
Your ball python dies!
The death yak gores your ball python!
Your ball python dies!
Your adder completely misses the bullfrog.
The death yak is engulfed in blazing flames.
You feel much better.
Your adder bites the death yak.
The death yak gores you!!
* * * LOW HITPOINT WARNING * * *
The death yak gores you!
You die...

##..............#......
...........[.....♣.>.♣.
##..####..###P..#..t.. .
##.. ##..###..#..♣. ###.
. #.P ##.##
#...#####...... #.
#...###...P.#...##.##
..##................P..#
.........................
............Y@........#
.............YYF......##
...........†.§SS......#
...........†<.........#
.........................
...#....................#
.####P................##
##.............####
##.....##...P##


You could see 3 death yaks, a bullfrog and 2 friendly adders.

Vanquished Creatures
  A death yak (Lair:2)
  Pikel (D:6)
  A spiny frog (Lair:1)
  4 komodo dragons
  2 trolls (D:9)
  A jumping spider (Lair:2)
  Prince Ribbit (D:8)
  2 hippogriffs
  A redback (Lair:2)
  A spriggan (D:7)
  6 yaks (Lair:1)
  A water moccasin (Lair:1)
  4 ice beasts
  A sky beast (D:7)
  A slave (D:6)
  3 ogres (D:6)
  2 centaurs
  The ghost of Frank the Ducker, an amateur OpFi (D:3)
  2 crocodiles
  A big kobold (D:8)
  A bullfrog (D:6)
  A scorpion (D:9)
  4 killer bees (D:9)
  A howler monkey (D:8)
  3 crimson imps
  A bullfrog zombie (D:9)
  2 hounds
  A jelly (D:7)
  2 orc wizards
  An iguana (D:7)
  2 worker ants
  5 adders
  An adder zombie (D:9)
  A worm (D:5)
  4 leopard geckos
  10 orcs
  7 bats
  7 giant cockroaches
  2 goblins
  8 hobgoblins
  4 jackals
  2 quokkas
  2 frilled lizards
  9 kobolds
  A leopard gecko skeleton (D:2)
  A leopard gecko zombie (D:6)
  A quokka skeleton (D:5)
  6 rats
127 creatures vanquished.

Vanquished Creatures (collateral kills)
  A spiny frog (Lair:2)
  A hippogriff (Lair:1)
  An ogre (D:7)
  A centaur (D:9)
  3 bullfrogs
  2 killer bees (D:9)
  A centaur skeleton (D:5)
  A jelly (D:6)
  An iguana (D:9)
  An adder (D:2)
  2 orcs (D:5)
  A kobold (D:1)
16 creatures vanquished.

Vanquished Creatures (others)
  A bullfrog zombie (D:6)
  2 jackals (D:6)
  3 fungi (Lair:2)
  3 plants (Lair:2)
9 creatures vanquished.

Grand Total: 152 creatures vanquished

Notes
Turn   | Place    | Note
-------+----------+-------------------------------------------
     0 | D:1      | wotfoxis the Draconian Transmuter began the quest for the Orb.
     0 | D:1      | Reached XP level 1. HP: 16/16 MP: 3/3
   127 | D:1      | Reached XP level 2. HP: 22/23 MP: 5/5
   165 | D:1      | Learned a level 2 spell: Sticks to Snakes
   785 | D:2      | Reached XP level 3. HP: 27/28 MP: 4/6
  1008 | D:2      | Reached skill level 1 in Short Blades
  1067 | D:3      | Noticed an ice beast
  1298 | D:2      | Found Zin's Purification Station.
  1301 | D:2      | Found a glowing silver altar of Zin.
  1474 | D:3      | Learned a level 3 spell: Spider Form
  1589 | D:3      | Noticed Frank's ghost (amateur OpFi)
  1803 | D:3      | Killed Frank's ghost
  1803 | D:3      | Reached XP level 4. HP: 36/36 MP: 0/8
  1915 | D:3      | Killed an ice beast
  1915 | D:3      | Reached skill level 3 in Spellcasting
  1915 | D:3      | Reached XP level 5. HP: 35/41 MP: 6/9
  1948 | D:3      | Found an ornate altar of the Wu Jian Council.
  2293 | D:4      | Found an iron altar of Okawaru.
  3022 | D:5      | Entered Level 5 of the Dungeon
  3057 | D:5      | Found the ring of Robustness {AC+8}
  3239 | D:5      | Reached XP level 6. HP: 46/48 MP: 9/11
  3250 | D:5      | Learned a level 5 spell: Blade Hands
  3270 | D:5      | Reached skill level 1 in Long Blades
  3398 | D:5      | Noticed an ice beast
  3410 | D:5      | Killed an ice beast
  3771 | D:6      | Noticed an ice beast
  3911 | D:7      | Noticed a sky beast
  3925 | D:7      | Killed a sky beast
  3925 | D:7      | Reached skill level 4 in Spellcasting
  3925 | D:7      | Reached skill level 1 in Poison Magic
  4093 | D:6      | Your scales start taking on a rich purple colour.
  4093 | D:6      | Reached skill level 5 in Spellcasting
  4093 | D:6      | Reached XP level 7. HP: 47/55 MP: 12/14
  4185 | D:6      | Reached skill level 1 in Stealth
  4311 | D:6      | Noticed Pikel
  4328 | D:6      | Killed Pikel
  4328 | D:6      | Reached XP level 8. HP: 53/62 MP: 13/16
  4333 | D:6      | Found a bloodstained altar of Trog.
  4361 | D:6      | Found Zaqodwuq's Food Emporium.
  4485 | D:6      | Found a glowing golden altar of the Shining One.
  4555 | D:6      | Found a stormy altar of Qazlal.
  4564 | D:6      | Became a worshipper of Qazlal Stormbringer
  4607 | D:6      | Reached skill level 6 in Spellcasting
  4929 | D:6      | Found a white marble altar of Elyvilon.
  5143 | D:7      | Reached skill level 5 in Transmutations
  5539 | D:7      | Found a staircase to the Ecumenical Temple.
  5701 | D:8      | Reached skill level 5 in Unarmed Combat
  5749 | D:8      | Reached XP level 9. HP: 70/70 MP: 12/19
  5801 | D:8      | Reached * piety under Qazlal
  5963 | D:8      | Reached skill level 7 in Spellcasting
  6054 | D:8      | Noticed Prince Ribbit
  6072 | D:8      | Killed Prince Ribbit
  6605 | D:9      | Noticed a komodo dragon
  6619 | D:9      | Killed a komodo dragon
  6762 | D:9      | Noticed a troll
  6890 | D:9      | Noticed a troll
  6950 | D:9      | Killed a troll
  7251 | D:9      | Killed a troll
  7251 | D:9      | Reached skill level 5 in Dodging
  7309 | D:9      | Reached skill level 8 in Spellcasting
  7596 | D:9      | Found a staircase to the Lair.
  7600 | Lair:1   | Entered Level 1 of the Lair of Beasts
  7600 | Lair:1   | Noticed a spiny frog
  7607 | Lair:1   | Killed a spiny frog
  7607 | Lair:1   | Reached XP level 10. HP: 78/78 MP: 16/22
  7852 | Lair:1   | Got a brightly glowing rapier
  7882 | Lair:1   | Identified the +5 rapier of Micsyoki {speed, rC+ MR+ Dex+4 Stlth+} (You found it on level 1 of the Lair of Beasts)
  8140 | Lair:1   | Reached skill level 9 in Spellcasting
  8560 | Lair:2   | Noticed a spiny frog
  8581 | Lair:2   | Killed a spiny frog
  8581 | Lair:2   | Reached ** piety under Qazlal
  8637 | Lair:2   | Noticed a death yak
  8637 | Lair:2   | Noticed a death yak
  8638 | Lair:2   | Noticed a death yak
  8830 | Lair:2   | Noticed a death yak
  8842 | Lair:2   | Killed a death yak
  8856 | Lair:2   | Slain by a death yak

Skill      XL: |  1  2  3  4  5  6  7  8  9 10 |
---------------+-------------------------------+-----
Dodging        | 2 3 4 5 |  5.7
Short Blades   | 1 2 |  2.9
Spellcasting   | 3 5 6 8 9 |  9.7
Transmutations | 3 4 5 6 8 |  8.2
Fighting       | 2 3 |  3.9
Long Blades    | 1 3 4 |  4.7
Poison Magic   | 1 2 |  2.5
Stealth        | 1 2 |  2.7
Unarmed Combat | 4 5 6 7 |  7.4
Invocations    | |  0.1

Action                   |  1- 3 |  4- 6 |  7- 9 | 10-12 || total
-------------------------+-------+-------+-------+-------++-------
Melee: Short sword       |   101 |       |       |       ||   101
       Tailslap          |    12 |     6 |    21 |     5 ||    44
       Kick              |     8 |    11 |     6 |       ||    25
       Headbutt          |     4 |     2 |    21 |     5 ||    32
       Unarmed           |     5 |    24 |   131 |    70 ||   230
       Long sword        |       |    10 |       |       ||    10
       Falchion          |       |    38 |   151 |       ||   189
       Punch             |       |       |     6 |     2 ||     8
       Rapier            |       |       |       |    27 ||    27
 Cast: Beastly Appendage |    15 |     9 |    17 |     2 ||    43
       Sticks to Snakes  |    10 |    16 |    27 |    21 ||    74
       Spider Form       |     2 |     4 |    12 |     3 ||    21
       Blade Hands       |       |     1 |     7 |     4 ||    12
Invok: Upheaval          |       |       |       |     1 ||     1
 Abil: Breathe Dispellin |       |       |     5 |     1 ||     6
       End Transformatio |       |       |     2 |       ||     2
  Use: Scroll            |       |    11 |    11 |     1 ||    23
       Potion            |       |       |     3 |     2 ||     5
 Stab: Distracted        |       |       |     2 |     1 ||     3
  Eat: Ration            |     2 |     2 |     4 |     2 ||    10
       Chunk             |       |       |     1 |       ||     1
Armor: Skin              |    54 |    35 |   121 |    27 ||   237
Dodge: Dodged            |    82 |    66 |   250 |    68 ||   466
Block: Other             |       |       |     2 |     4 ||     6
       Rpst.: Long sword |       |     7 |       |       ||     7
       Falchion          |       |    11 |    43 |       ||    54
